 Dungeon Crawl Stone Soup version 0.31.0-1-g2c135a0 (webtiles) character file.

Game seed: 17014397925395572043

46 jagoly the Apothecary (level 3, 0/18 (21) HPs)
             Began as an Octopode Alchemist on Jan 24, 2024.
             Killed from afar by an orc wizard (4 damage)
             ... with a magic dart
             ... on level 3 of the Dungeon.
             The game lasted 00:06:18 (759 turns).

jagoly the Apothecary (Octopode Alchemist)           Turns: 759, Time: 00:06:18

HP:   0/18 (21)     AC:  1    Str: 13    XL:     3   Next: 66%
MP:   1/6           EV: 13    Int: 19    God:
Gold: 92            SH:  0    Dex: 12    Spells: 5/6 levels left

rFire   . . .        k - +5 short sword
rCold   . . .        (no shield)
rNeg    . . .        (helmet restricted)
rPois   .            (no amulet)
rElec   .            n - +6 ring of strength
rCorr   .            (no ring)
SInv    .            (no ring)
Will    .....        (no ring)
Stlth   +++          (no ring)
HPRegen 0.23/turn    (no ring)
MPRegen 0.10/turn    (no ring)
                     (no ring)

%: no passive effects
@: heavily drained
A: almost no armour, amphibious, 8 rings, camouflage 1, gelatinous body 1,
(nimble swimmer 1), tentacles
a: no special abilities


You were on level 3 of the Dungeon.
You visited 2 branches of the dungeon, and saw 6 of its levels.

You collected 92 gold pieces.

Inventory:

Hand Weapons
 b - a +0 dagger
 d - a +0 spear
 k - a +5 short sword (weapon)
Missiles
 f - 24 stones
Magical Staves
 e - a staff of earth
Jewellery
 n - a +6 ring of strength (left tentacle)
Talismans
 g - a serpent talisman
Scrolls
 i - a scroll of torment {unknown}
 j - a scroll of amnesia {unknown}
 o - a scroll of identify {unknown}
 p - a scroll of fear {unknown}
 q - 2 scrolls of teleportation {unknown}
Potions
 a - a potion of magic
 c - a potion of brilliance {unknown}
 h - a potion of heal wounds {unknown}
 l - a potion of berserk rage {unknown}
 m - a potion of degeneration {unknown}


   Skills:
 - Level 2.0 Dodging
 - Level 3.0 Stealth
 - Level 2.0 Spellcasting
 - Level 2.0 Conjurations
 + Level 4.4 Alchemy


You had 5 spell levels left.
You knew the following spells:

 Your Spells              Type           Power      Damage    Failure   Level
a - Sting                 Conj/Alch      56%        1d6       4%          1

Your spell library contained the following spells:

 Spells                   Type           Power      Damage    Failure   Level
 Mercury Vapours          Alch/Air       20%        N/A       11%         2
 Mephitic Cloud           Conj/Alch/Air  10%        N/A       22%         3
 Olgreb's Toxic Radiance  Alch           18%        N/A       26%         4
 Sticky Flame             Fire/Alch      10%        2d5       56%         4


Dungeon Overview and Level Annotations

Branches:
Dungeon (5/15) Zot: 26737  Temple (1/1) D:4 Zot: 5977

Altars:
Fedhas
Gozag
Hepliaklqana
Okawaru
Ru
Uskayaw
Zin

Annotations:
Temple 4 transporters


Innate Abilities, Weirdness & Mutations

You cannot wear most types of armour.
You are amphibious.
You can wear up to eight rings at the same time.
Your skin changes colour to match your surroundings (Stealth+).
Your rubbery body absorbs attacks. (AC +1, EV +1)
((You are camouflaged when in or above water. (Stealth+)))
You have tentacles for arms and can constrict up to eight enemies at once.


Message History

f - 3 stones HP restored.
You open the door.
An endoplasm comes into view.
There is an open door here.
The helpless endoplasm fails to defend itself.
You puncture the endoplasm!
You kill the endoplasm!
You have reached level 2! 2 bats come into view.
The bat barely misses you.
You barely miss the bat. Your grab misses the bat. Your squeeze misses the bat.
The bat hits you. The bat closely misses you.
You hit the bat but do no damage. Your grab misses the bat. The bat misses you.
The bat barely misses you.
You closely miss the bat. Your grab misses the bat. You squeeze the bat.
You kill the bat!
The helpless bat fails to defend itself.
You puncture the bat!
You kill the bat!
You see here a bat corpse.
You open the door.
There is an open door here.
Found a stone staircase leading down.
A quokka comes into view.
A bat comes into view.
Found a serpent talisman.
The helpless quokka fails to defend itself.
You puncture the quokka!
You kill the quokka!
The bat closely misses you.
You hit the bat. You grab the bat.
The bat is severely wounded.
You constrict the bat.
You kill the bat!
You see here a serpent talisman.
g - a serpent talisman A goblin comes into view.
It is wielding a +0 dagger.
A goblin is nearby!
An endoplasm and a quokka come into view.
Found a tower shield.
Cast which spell? (? or * to list)
Aiming: Sting (safe; 7% risk of failure)
Press: ? - help, Shift-Dir - straight line, f - quokka
Aim: a quokka (asleep, 100% to hit)
The sting hits the quokka.
The quokka is poisoned.
The quokka is heavily wounded.
You hit the quokka but do no damage. Your grab misses the quokka.
The quokka is heavily wounded.
The quokka bites you.
You barely miss the quokka. Your grab misses the quokka.
The quokka is severely wounded.
The quokka barely misses you.
You barely miss the quokka. Your grab misses the quokka.
The quokka is almost dead.
The quokka closely misses you.
You hit the quokka but do no damage. Your grab misses the quokka.
The quokka is almost dead.
You kill the quokka!
Cast which spell? (? or * to list)
Aiming: Sting (safe; 6% risk of failure)
Press: ? - help, Shift-Dir - straight line, f - endoplasm
Aim: an endoplasm (asleep, 100% to hit)
The sting hits the endoplasm.
The endoplasm partially resists.
The endoplasm is lightly wounded.
The endoplasm quivers.
Cast which spell? (? or * to list)
Aiming: Sting (safe; 6% risk of failure)
Press: ? - help, Shift-Dir - straight line, f/p - endoplasm
Aim: an endoplasm (lightly wounded, 98% to hit)
The sting hits the endoplasm.
The endoplasm is poisoned.
The endoplasm is moderately wounded.
Cast which spell? (? or * to list)
Aiming: Sting (safe; 6% risk of failure)
Press: ? - help, Shift-Dir - straight line, f/p - endoplasm
Aim: an endoplasm (moderately wounded, poisoned, 98% to hit)
The sting hits the endoplasm.
The endoplasm looks even sicker.
The endoplasm is heavily wounded.
You hit the endoplasm.
The endoplasm is severely wounded.
You kill the endoplasm!
You completely miss the goblin. Your grab misses the goblin.
The goblin hits you with a +0 dagger.
You hit the goblin. You grab the goblin. You squeeze the goblin.
You kill the goblin!
No target in view!
There is a stone staircase leading down here.
You climb downwards.
Found six items.
There is a stone staircase leading up here.
f - 8 stones (gained 5)
A ribbon worm comes into view.
You now have 18 gold pieces (gained 13).
There is a stone staircase leading up here.
h - a fuming cyan potion
i - a scroll labelled ZITAMO BICUF
j - a scroll labelled QIBOCK NYAWE
Found a stone staircase leading up.
Found 13 gold pieces.
There is a stone staircase leading up here.
You climb upwards.
There is a stone staircase leading down here.
You climb downwards.
There is a stone staircase leading up here.
Found an escape hatch in the floor.
You now have 31 gold pieces (gained 13).
Found a stone staircase leading down.
There is a shaft here.
There is a stone staircase leading down here.
You climb downwards.
Found 7 gold pieces.
There is a stone staircase leading up here.
You now have 38 gold pieces (gained 7).
A ball python comes into view.
A ball python is nearby!
Cast which spell? (? or * to list)
Aiming: Sting (safe; 6% risk of failure)
Press: ? - help, Shift-Dir - straight line, f - ball python
Aim: a ball python (asleep, 100% to hit)
The sting hits the ball python.
The ball python is poisoned.
You kill the ball python!
Found a robe.
Found a stone staircase leading down.
A hobgoblin comes into view.
Found a stone staircase leading up.
A kobold comes into view. It is wielding a +5 short sword.
Cast which spell? (? or * to list)
Aiming: Sting (safe; 6% risk of failure)
Press: ? - help, Shift-Dir - straight line, f - kobold
Aim: a kobold, wielding a +5 short sword and quivering stones (asleep, 100% to hit)
The sting hits the kobold.
The kobold is poisoned.
The kobold is severely wounded.
You kill the kobold!
Cast which spell? (? or * to list)
Aiming: Sting (safe; 6% risk of failure)
Press: ? - help, Shift-Dir - straight line, f - hobgoblin
Aim: a hobgoblin (asleep, 100% to hit)
The sting hits the hobgoblin.
The hobgoblin is poisoned.
The hobgoblin is moderately wounded.
Cast which spell? (? or * to list)
Aiming: Sting (safe; 6% risk of failure)
Press: ? - help, Shift-Dir - straight line, f/p - hobgoblin
Aim: a hobgoblin (heavily wounded, poisoned, 71% to hit)
The sting hits the hobgoblin.
The hobgoblin looks even sicker.
You kill the hobgoblin!
Unknown command.
A kobold comes into view. It is wielding a +0 dagger.
Things that are here:
a +5 short sword; 5 stones
k - a +5 short sword (weapon)
Press: ? - help, v - describe, . - travel, g - get item Item here: 5 stones.
The floor.
f - 13 stones (gained 5)
The kobold shouts!
You hit the kobold but do no damage. You grab the kobold.
You squeeze the kobold, but do no damage.
You constrict the kobold, but do no damage.
The kobold hits you with a +0 dagger.
You hit the kobold.
The kobold is moderately wounded.
You constrict the kobold. The kobold hits you with a +0 dagger.
You hit the kobold.
You kill the kobold!
Things that are here:
a +0 dagger; a kobold corpse Magic restored.
Magic restored.
You see here a +0 robe.
HP restored.
There is a stone staircase leading down here.
You climb downwards.
There is a stone staircase leading up here.
Found a ring mail.
Found 7 gold pieces.
A giant cockroach comes into view.
Cast which spell? (? or * to list)
Aiming: Sting (safe; 6% risk of failure)
Press: ? - help, Shift-Dir - straight line, f - giant cockroach
Aim: a giant cockroach (asleep, 100% to hit)
You miscast Sting.
You are very lightly contaminated with residual magic.
Nothing appears to happen.
Cast which spell? (? or * to list)
Aiming: Sting (safe; 6% risk of failure)
Press: ? - help, Shift-Dir - straight line, f/p - giant cockroach
Aim: a giant cockroach (asleep, 100% to hit)
The sting hits the giant cockroach.
The giant cockroach is poisoned.
The giant cockroach is almost dead.
You kill the giant cockroach!
Training target 2.0 for Conjurations reached!
Your Conjurations skill increases to level 2!
Found an inky potion.
You now have 45 gold pieces (gained 7).
Found 5 gold pieces.
Your magical contamination has completely faded away.
Found a war axe.
Magic restored.
l - an inky potion You now have 50 gold pieces (gained 5).
Found a staircase to the Ecumenical Temple.
Found a lumpy puce potion.
There is a fountain of clear blue water here.
m - a lumpy puce potion
There is a staircase to the Ecumenical Temple here.
You climb downwards.
Welcome to the Ecumenical Temple!
Found three altars.
Found a staircase back to the Dungeon.
Found two transporters.
There is a staircase back to the Dungeon here.
Found two transporters.
Found a hide-covered altar of Uskayaw.
Found a glowing silver altar of Zin.
Found a hazy altar of Hepliaklqana.
Search for what [? for help]? .
Press: ? - help, v - describe, . - travel The floor.
There is a staircase back to the Dungeon here.
You climb upwards.
Welcome back to the Dungeon!
There is a staircase to the Ecumenical Temple here.
Cast which spell? (? or * to list)
Aiming: Sting (safe; 6% risk of failure)
Press: ? - help, Shift-Dir - straight line, f - ribbon worm
Aim: a ribbon worm (wandering, hasn't noticed you, 90% to hit)
The sting hits the ribbon worm.
The ribbon worm is poisoned.
The ribbon worm is lightly wounded.
Cast which spell? (? or * to list)
Aiming: Sting (safe; 6% risk of failure)
Press: ? - help, Shift-Dir - straight line, f/p - ribbon worm
Aim: a ribbon worm (lightly wounded, poisoned, 90% to hit)
The sting hits the ribbon worm.
The ribbon worm looks even sicker.
The ribbon worm is heavily wounded.
Cast which spell? (? or * to list)
Aiming: Sting (safe; 6% risk of failure)
Press: ? - help, Shift-Dir - straight line, f/p - ribbon worm
Aim: a ribbon worm (moderately wounded, very poisoned, 90% to hit)
The sting hits the ribbon worm.
The ribbon worm looks even sicker.
The ribbon worm is heavily wounded.
The ribbon worm expels a string of sticky webbing.
The stream of webbing hits you but does no damage.
You are caught in a web!
The web tears apart.
You hit the ribbon worm. You grab the ribbon worm.
The ribbon worm is severely wounded.
You constrict the ribbon worm.
The ribbon worm expels a string of sticky webbing.
The stream of webbing misses you.
You puncture the ribbon worm!
You kill the ribbon worm!
Your Alchemy skill increases to level 4!
You have reached level 3!
Your experience leads to an increase in your attributes!
Increase (S)trength, (I)ntelligence, or (D)exterity?
You feel clever. x2
There is a fountain of clear blue water here.
Magic restored.
A giant cockroach comes into view.
A goblin comes into view. It is wielding a +0 dagger.
Cast which spell? (? or * to list)
You don't know that spell.
Cast which spell? (? or * to list)
Aiming: Sting (safe; 4% risk of failure)
Press: ? - help, Shift-Dir - straight line, f - giant cockroach
Aim: a giant cockroach (71% to hit)
The sting hits the giant cockroach but does no damage.
The giant cockroach is poisoned.
You hit the giant cockroach but do no damage.
You grab the giant cockroach.
The giant cockroach is heavily wounded.
You constrict the giant cockroach.
You kill the giant cockroach!
You see here a giant cockroach corpse.
Cast which spell? (? or * to list)
Aiming: Sting (safe; 4% risk of failure)
Press: ? - help, Shift-Dir - straight line, f - goblin
Aim: a goblin, wielding a +0 dagger (wandering, hasn't noticed you, 64% to hit)
The sting misses the goblin.
The goblin shouts!
You hit the goblin. Your grab misses the goblin. You squeeze the goblin.
The goblin is severely wounded.
The goblin hits you with a +0 dagger.
You closely miss the goblin. Your grab misses the goblin.
The goblin is severely wounded.
The goblin hits you with a +0 dagger.
You barely miss the goblin. You grab the goblin. You squeeze the goblin.
You kill the goblin!
No target in view!
No target in view!
Found a pearl ring.
You see here a +0 dagger.
Found a scroll labelled FOSAN EQAT.
Found a stone staircase leading down.
Magic restored.
n - a +6 ring of strength You feel stronger.
n - a +6 ring of strength (left tentacle)
There is a stone staircase leading down here.
o - a scroll labelled FOSAN EQAT
There is a stone staircase leading down here.
Found 3 stones.
HP restored.
f - 16 stones (gained 3)
Found an escape hatch in the floor.
There is an escape hatch in the floor here.
A giant cockroach comes into view.
A giant cockroach is nearby!
The helpless giant cockroach fails to defend itself.
You puncture the giant cockroach!
You kill the giant cockroach!
No target in view!
Found 16 gold pieces.
A hobgoblin comes into view.
You see here 16 gold pieces.
You now have 66 gold pieces (gained 16).
The hobgoblin shouts!
The hobgoblin closely misses you.
You hit the hobgoblin.
You kill the hobgoblin!
No target in view!
No target in view!
Found a stone staircase leading down.
There is a stone staircase leading down here.
You climb downwards.
There is a stone staircase leading up here.
You climb upwards.
There is a stone staircase leading down here.
Found a leather armour.
Found a stone staircase leading up.
There is a stone staircase leading up here.
You climb upwards.
Found 9 gold pieces.
There is a stone staircase leading down here.
You now have 75 gold pieces (gained 9).
A bat comes into view.
A bat is nearby!
The bat hits you. x2
You hit the bat.
You kill the bat!
No target in view!
Found a scroll labelled UKYRUL QIGEUM.
p - a scroll labelled UKYRUL QIGEUM An endoplasm comes into view.
Cast which spell? (? or * to list)
You don't know that spell.
Sorry, you're not good enough to have a special ability.
Cast which spell? (? or * to list)
Aiming: Sting (safe; 4% risk of failure)
Press: ? - help, Shift-Dir - straight line, f - endoplasm
Aim: an endoplasm (wandering, hasn't noticed you, 98% to hit)
The sting hits the endoplasm.
The endoplasm partially resists.
The endoplasm is moderately wounded.
The endoplasm quivers.
Cast which spell? (? or * to list)
Aiming: Sting (safe; 4% risk of failure)
Press: ? - help, Shift-Dir - straight line, f/p - endoplasm
Aim: an endoplasm (moderately wounded, 98% to hit)
The sting hits the endoplasm.
The endoplasm partially resists.
The endoplasm is almost dead.
The endoplasm barely misses you.
You hit the endoplasm.
You kill the endoplasm!
A frilled lizard comes into view.
Found a war axe.
The helpless frilled lizard fails to defend itself.
You puncture the frilled lizard!
You kill the frilled lizard!
No target in view!
You see here a frilled lizard corpse.
Found 8 stones.
A ball python comes into view.
Found a club.
The helpless ball python fails to defend itself.
You hit the ball python.
You kill the ball python!
f - 24 stones (gained 8)
A giant cockroach comes into view.
A giant cockroach is nearby!
The giant cockroach closely misses you. The giant cockroach bites you.
You puncture the giant cockroach!
You kill the giant cockroach!
Found a scroll labelled TEEGUO QYLL.
Found 15 gold pieces.
Found a leather armour.
An orc comes into view. It is wielding a +0 club.
The orc shouts!
Cast which spell? (? or * to list)
Aiming: Sting (safe; 4% risk of failure)
Press: ? - help, Shift-Dir - straight line, f - orc
Aim: an orc, wielding a +0 club (71% to hit)
The sting hits the orc.
The orc is poisoned.
The orc is severely wounded.
The orc hits you with a +0 club.
You see here a scroll labelled TEEGUO QYLL.
You puncture the orc!
You kill the orc!
q - a scroll labelled TEEGUO QYLL You now have 90 gold pieces (gained 15).
Things that are here:
a +0 club; an orc corpse HP restored.
A ribbon worm comes into view.
Found 2 gold pieces.
The helpless ribbon worm fails to defend itself.
You puncture the ribbon worm! You grab the ribbon worm.
The ribbon worm is severely wounded.
You constrict the ribbon worm. The ribbon worm barely misses you.
Cast which spell? (? or * to list)
Aiming: Sting (safe; 4% risk of failure)
Press: ? - help, Shift-Dir - straight line, f - ribbon worm
Aim: a ribbon worm (severely wounded, constricted by you, 100% to hit)
The sting hits the ribbon worm.
The ribbon worm is poisoned.
You kill the ribbon worm!
You now have 92 gold pieces (gained 2).
Magic restored.
Found a cloak.
Found a scroll labelled TEEGUO QYLL.
q - 2 scrolls labelled TEEGUO QYLL (gained 1)
You see here a +0 pair of gloves.
An orc priest comes into view. It is wielding a +0 flail.
The orc priest moves out of view.
An orc wizard and an orc come into view.
The orc wizard is wielding a +2 dagger of draining.
The orc wizard shouts!
You hear a shout! x2
A kobold comes into view. It is wielding a +0 short sword.
You hear a shout!
You hear an angry hiss.
Cast which spell? (? or * to list)
Aiming: Sting (safe; 4% risk of failure)
Press: ? - help, Shift-Dir - straight line, f - kobold
Aim: a kobold, wielding a +0 short sword and quivering stones (wandering, hasn't noticed you, 64% to hit)
The sting hits the kobold.
The kobold is poisoned.
The kobold is moderately wounded.
The kobold shouts!
The orc shouts!
A ball python comes into view.
The orc wizard gestures at you while chanting.
You resist with significant effort.
You kill the kobold!
The orc wizard gestures wildly while chanting.
The orc wizard flickers and vanishes!
Deactivating autopickup; reactivate with Ctrl-A.
The orc priest calls down the wrath of Beogh upon you.
Beogh smites you!
Cast which spell? (? or * to list)
Aiming: Sting (safe; 4% risk of failure)
Press: ? - help, Shift-Dir - straight line, f - orc
Aim: an orc, wielding a +0 trident (71% to hit)
The sting hits the orc.
The orc is poisoned.
The orc is moderately wounded.
You kill the orc!
Cast which spell? (? or * to list)
Aiming: Sting (safe; 4% risk of failure)
Press: ? - help, Shift-Dir - straight line, f - ball python
Aim: a ball python (68% to hit)
The sting hits the ball python.
The ball python is poisoned.
The ball python is severely wounded.
You puncture the ball python!
You kill the ball python!
Cast which spell? (? or * to list)
Aiming: Sting (safe; 4% risk of failure)
Press: ? - help, Shift-Dir - straight line, f - orc priest
Aim: an orc priest, wielding a +0 flail and wearing a +0 chain mail (79% to hit)
The sting hits the orc priest.
The orc priest is poisoned.
The orc priest is moderately wounded.
A puff of flame appears from out of thin air!
The puff of flame hits you.
Cast which spell? (? or * to list)
Aiming: Sting (safe; 4% risk of failure)
Press: ? - help, Shift-Dir - straight line, f/p - orc priest
Aim: an orc priest, wielding a +0 flail and wearing a +0 chain mail (moderately wounded, poisoned, 79% to hit)
The sting hits something.
Cast which spell? (? or * to list)
Aiming: Sting (safe; 4% risk of failure)
Press: ? - help, Shift-Dir - straight line, f/p - orc priest
Aim: an orc priest, wielding a +0 flail and wearing a +0 chain mail (moderately wounded, poisoned, 79% to hit)
The sting hits the orc priest but does no damage.
The orc priest looks even sicker.
The orc priest is moderately wounded.
Cast which spell? (? or * to list)
Aiming: Sting (safe; 4% risk of failure)
Press: ? - help, Shift-Dir - straight line, f/p - orc priest
Aim: an orc priest, wielding a +0 flail and wearing a +0 chain mail (heavily wounded, very poisoned, 79% to hit)
The sting hits something.
Something hits you.
* * * LOW HITPOINT WARNING * * *
You feel drained.
* * * LOW HITPOINT WARNING * * *
Cast which spell? (? or * to list)
Aiming: Sting (safe; 4% risk of failure)
Press: ? - help, Shift-Dir - straight line, f/p - orc priest
Aim: an orc priest, wielding a +0 flail and wearing a +0 chain mail (severely wounded, very poisoned, 79% to hit)
The sting hits the orc priest.
The orc priest looks even sicker.
The orc priest is almost dead.
Something barely misses you.
The orc priest casts a cantrip, but nothing happens.
Unknown command.
You hit something but do no damage. Something hits you.
* * * LOW HITPOINT WARNING * * *
You feel drained.
* * * LOW HITPOINT WARNING * * *
Okay, then.
You barely miss something. You squeeze something.
You hear some strange, mumbled words.
A magic dart appears from out of thin air!
The magic dart hits you.
You die...

####.# #.....#.## #.#
############.# #....###
#.# #....o{......#
#......### #.#
#.##########.###.........
####.# #.#
#................. ..##)#
#.# #.########.[.#.###
#.##.# #o# #o# ##.##.# #
#.##.# #.# #{# ...##.# #
#.##.# #{# #@# ######.# #
..##.# #o# #†# #.# #
..##.# #.. ... ..# #
.....####.. ##.## ### #
.....†...... #.# #
.#.######... #.# #####
.... #.#.S #.# ......
..... #.# #..##.## ......
#..#


You could see an orc priest (very poisoned).

Vanquished Creatures
  2 ribbon worms
  2 orcs (D:3)
  3 ball pythons (D:3)
  5 bats
  3 endoplasms
  4 giant cockroaches
  4 goblins
  2 hobgoblins
  5 kobolds
  2 quokkas (D:1)
  A frilled lizard (D:3)
33 creatures vanquished.

Notes
Turn   | Place    | Note
-------+----------+-------------------------------------------
     0 | D:1      | jagoly the Octopode Alchemist began the quest for the Orb.
     0 | D:1      | Reached XP level 1. HP: 11/11 MP: 3/3
   106 | D:1      | Reached XP level 2. HP: 17/17 MP: 3/5
   351 | D:4      | Found a staircase to the Ecumenical Temple.
   363 | Temple   | Found a transporter.
   363 | Temple   | Found a transporter.
   363 | Temple   | Found a transporter.
   363 | Temple   | Found a transporter.
   363 | Temple   | Entered the Ecumenical Temple
   394 | D:4      | Reached skill level 4 in Alchemy
   394 | D:4      | Reached XP level 3. HP: 21/21 MP: 2/6
   497 | D:5      | Entered Level 5 of the Dungeon
   759 | D:3      | Killed from afar by an orc wizard

Illustrated notes

Levels and vault maps discovered:
D:1:      heliophobic_arrival_henge, layout_basic, minmay_pentomino_z4
D:2:      layout_loops_ring, st_stairs_12, chequers_serial_rivers_micro_e,
          uniq_sigmund
D:3:      layout_loops_ring
D:4:      layout_loops_ring, minmay_temple_entry_antechambers
D:5:      layout_basic, mainiacjoe_overflow_24_doors,
          regret_index_xom_buried_treasure, minivault_25, uniq_eustachio,
          uniq_grinder
Temple:   hellmonk_temple_divided_pantheon

Skill      XL: |  1  2 |
---------------+-------+-----
Stealth        | 3 |  3.0
Conjurations   | 2 |  2.0
Alchemy        | 4 |  4.4
Dodging        | |  2.0
Spellcasting   | |  2.0

Action                     || total
---------------------------++-------
  Melee: Dagger            ||    23
         Constrict         ||    10
         Tentacles         ||     8
         Short sword       ||    21
   Cast: Sting             ||    29
   Stab: Sleeping          ||     7
 Armour: Skin              ||    22
  Dodge: Dodged            ||    22
